 Dungeon Crawl Stone Soup version 0.31-a0-1082-g7d1fb776a8 (webtiles) character file.

Game seed: 7219638118056675957

945 Dirtsage the Martial Artist (level 7, -1/52 HPs)
             Began as a Demonspawn Monk on Nov 27, 2023.
             Slain by an orc warrior
             ... wielding a +0 mace
              (5 damage)
             ... on level 6 of the Dungeon.
             The game lasted 00:06:23 (4719 turns).

Dirtsage the Martial Artist (Demonspawn Monk)       Turns: 4719, Time: 00:06:24

Health: -1/52      AC: 11    Str: 13    XL:     7   Next: 89%
Magic:  7/7        EV: 10    Int: 12    God:
Gold:   293        SH:  0    Dex: 15    Spells: 6/6 levels left

rFire   + .          .
                       - Unarmed
rCold   + . .        (no shield)
rNeg    + . .        i - +3 scale mail {rC+}
rPois   .            (no helmet)
rElec   .            y - +0 cloak
rCorr   .            (no gloves)
SInv    .            h - +0 pair of boots
Will    +....        (no amulet) Stlth
                     N - ring of positive energy
HPRegen 0.28/turn    o - ring "Biobicra" {rF+ Will+}
MPRegen 0.10/turn

%: no passive effects
@: no status effects
A: spiny 1, demonic touch 2
a: no special abilities


You were on level 6 of the Dungeon.
You visited 1 branch of the dungeon, and saw 6 of its levels.
You also visited: Sewer.

You collected 293 gold pieces.

Inventory:

Armour
 h - a +0 pair of boots (worn)
 i - a +3 scale mail of cold resistance (worn)
 y - a +0 cloak (worn)
Jewellery
 o - the ring "Biobicra" (right hand) {rF+ Will+}
   (You found it on level 4 of the Dungeon)

   [ring of protection from fire]

   rF+:       It protects you from fire.
   Will+:     It increases your willpower.
 N - a ring of positive energy (left hand)
Wands
 k - a wand of flame (10)
 w - a wand of paralysis (10)
Scrolls
 e - 6 scrolls of identify {unknown}
 l - a scroll of vulnerability {unknown}
 n - 4 scrolls of fog {unknown}
 q - a scroll of torment {unknown}
 r - a scroll of enchant weapon {unknown}
 t - 2 scrolls of blinking {unknown}
 u - 2 scrolls of teleportation {unknown}
 v - a scroll of amnesia {unknown}
Potions
 b - a potion of ambrosia
 c - 3 potions of curing {unknown}
 f - a potion of lignification {unknown}
 g - 2 potions of might {unknown}
 j - 2 potions of mutation
 m - a potion of resistance {unknown}
 p - a potion of cancellation {unknown}
 s - a potion of attraction {unknown}
 x - 4 potions of enlightenment


   Skills:
 + Level 3.2 Fighting
 + Level 1.0 Armour
 + Level 3.0 Dodging
 * Level 8.5 Unarmed Combat


You had 6 spell levels left.
You didn't know any spells.
Your spell library contained the following spells:

 Spells                   Type           Power      Damage    Failure   Level
 Ensorcelled Hibernation  Hex/Ice        0%         N/A       94%         2
 Passwall                 Tmut/Erth      0%         N/A       94%         2
 Scorch                   Fire           0%         2d5       94%         2
 Ignite Poison            Fire/Tmut/Pois 0%         N/A       99%         3
 Swiftness                Air            0%         N/A       99%         3
 Anguish                  Hex/Necr       0%         N/A       100%        4
 Cause Fear               Hex            0%         N/A       100%        4
 Fireball                 Conj/Fire      0%         3d3       100%        5
 Enfeeble                 Hex            0%         N/A       100%        7
 Dragon's Call            Summ           0%         N/A       100%        9


Dungeon Overview and Level Annotations

Branches:
Dungeon (6/15)              Sewer (visited)
 Temple: D:4-7

Altars:
Fedhas
Nemelex Xobeh
Ru


Innate Abilities, Weirdness & Mutations

You are partially covered in sharp spines.
Your touch may inflict irresistible damage on your foes.


Message History

You take 9 damage, and have 33/52 hp.
You are too injured to fight recklessly!
You are too injured to fight recklessly!
You barely miss the orc priest. The orc hits you with a +0 hand axe.
The orc priest is struck by your spines.
The orc priest hits you with a +0 flail.
The orc warrior hits you with a +0 mace!
You take 15 damage, and have 18/52 hp.
MASSIVE DAMAGE!!
You barely miss the orc priest.
You touch the orc priest!
The orc priest is severely wounded.
The orc priest barely misses you. The orc hits you with a +0 hand axe.
* * * LOW HITPOINT WARNING * * *
You take 3 damage, and have 15/52 hp.
You closely miss the orc priest.
The orc priest is severely wounded.
The orc warrior hits you with a +0 mace.
* * * LOW HITPOINT WARNING * * *
The orc hits you but does no damage.
The orc priest is struck by your spines.
The orc priest barely misses you.
You take 4 damage, and have 11/52 hp.
You punch the orc priest!
You kill the orc priest!
The orc warrior hits you but does no damage.
Your Armour skill increases to level 1!
Your Dodging skill increases to level 3!
The orc barely misses you.
The orc warrior attacks as it pursues you!
The orc warrior barely misses you.
You hit the orc.
You kill the orc!
The orc warrior hits you with a +0 mace!
* * * LOW HITPOINT WARNING * * *
You take 9 damage, and have 3/52 hp.
You hit the orc warrior.
You touch the orc warrior!
The orc warrior is severely wounded.
You hit the orc warrior.
The orc warrior is severely wounded.
The orc warrior hits you with a +0 mace.
You die...

.## ..### #.
###...#### #.#
~....... # #...
#≈~.~~# .#
##..##~~.~≈##.#
....~~..o..~~.##
#...~~.@)..~~..#
#......)...≈~..#
#...~~./~..≈~..#
#.#.~~.!...~≈..#
#.#.##~≈≈~≈##~.#
#...##~≈~~~##..#
#..............#
.
#....÷########.#
.. #.....## ##


You could see an orc warrior.

Vanquished Creatures
  The ghost of bmj180 the Conjurer, a novice HuCj of Sif Muna (D:5)
  An ogre (D:5)
  2 quasits (D:5)
  An orc priest (D:6)
  A jelly (D:4)
  Ijyb (D:3)
  A sleepcap (D:6)
  An orc wizard (D:4)
  11 adders
  4 gnolls (D:3)
  3 river rats (Sewer)
  A white imp (D:6)
  4 worms
  4 dart slugs
  5 orcs
  10 ball pythons
  16 bats
  4 endoplasms
  8 giant cockroaches
  5 goblins
  4 hobgoblins
  A jackal (Sewer)
  8 quokkas
  5 frilled lizards
  3 kobolds
  3 rats
108 creatures vanquished.

Notes
Turn   | Place    | Note
-------+----------+-------------------------------------------
     0 | D:1      | Dirtsage the Demonspawn Monk began the quest for the Orb.
     0 | D:1      | Reached XP level 1. HP: 18/18 MP: 1/1
   130 | D:1      | Reached skill level 3 in Unarmed Combat
   153 | D:1      | Gained mutation: Your touch may inflict minor irresistible
                  | damage on your foes. [demonic ancestry]
   153 | D:1      | Reached XP level 2. HP: 20/24 MP: 2/2
   765 | D:2      | Gained mutation: Your touch may inflict irresistible damage
                  | on your foes. [demonic ancestry]
   765 | D:2      | Reached XP level 3. HP: 25/29 MP: 3/3
   829 | D:2      | Reached skill level 4 in Unarmed Combat
  1175 | D:2      | Got Sif Muna's Codex of the Dragon
  1470 | D:2      | Reached XP level 4. HP: 35/35 MP: 4/4
  1678 | D:3      | Noticed Ijyb
  1683 | D:3      | Killed Ijyb
  1744 | D:3      | Reached skill level 5 in Unarmed Combat
  2224 | D:3      | Reached XP level 5. HP: 39/41 MP: 5/5
  2635 | D:4      | Reached skill level 6 in Unarmed Combat
  2741 | D:4      | Identified the ring "Biobicra" {rF+ Will+}
  2791 | D:4      | Found a sparkling altar of Nemelex Xobeh.
  3205 | D:5      | Entered Level 5 of the Dungeon
  3211 | D:5      | Noticed an ogre
  3218 | D:5      | Killed an ogre
  3219 | D:5      | Gained mutation: You are partially covered in sharp spines.
                  | [demonic ancestry]
  3219 | D:5      | Reached XP level 6. HP: 18/47 MP: 6/6
  3345 | D:5      | Found a transporter.
  3362 | D:5      | Found a sacrificial altar of Ru.
  3492 | D:5      | Noticed bmj180's ghost (novice HuCj)
  3582 | D:5      | Found a transporter.
  3614 | D:5      | Found a blossoming altar of Fedhas.
  4028 | D:5      | Killed bmj180's ghost
  4029 | D:5      | Reached skill level 8 in Unarmed Combat
  4029 | D:5      | Reached XP level 7. HP: 39/52 MP: 7/7
  4114 | D:5      | Saving game... please wait.
  4127 | D:6      | Found a glowing drain.
  4150 | Sewer    | Entered a sewer
  4716 | D:6      | Reached skill level 1 in Armour
  4719 | D:6      | Slain by an orc warrior

Illustrated notes

Levels and vault maps discovered:
D:1:      amcnicky_arrival_double_pillar, layout_loops_cross,
          minmay_tree_intersection
D:2:      layout_loops_ring, basic_altar, serial_bayou, serial_bayou_crossing,
          serial_bayou_lake_a, serial_bayou_shore_b, serial_bayou_pond_e
D:3:      layout_basic, uniq_ijyb
D:4:      layout_layer_cave, mainiacjoe_overflow_big_doors,
          minmay_increasing_density
D:5:      layout_cave_pods, mainiacjoe_overflow_cross_hatched,
          nicolae_ru_the_path_less_chosen, gammafunk_ghost_stat_death
D:6:      hellmonk_ruined_rings, layout_rooms, temple_statues,
          cheibrodos_sewer_entry_sluice, uniq_crazy_yiuf_cottage

Skill      XL: |  1  2  3  4  5  6  7 |
---------------+----------------------+-----
Unarmed Combat | 3 4 5 6 8 |  8.5
Armour         | 1 |  1.0
Dodging        | 3 |  3.0
Fighting       | |  3.2

Action                     |  1- 3 |  4- 6 |  7- 9 || total
---------------------------+-------+-------+-------++-------
  Melee: Unarmed           |    97 |    82 |    57 ||   236
         Touch             |     7 |    26 |     8 ||    41
         Punch             |     1 |     5 |       ||     6
  Evoke: Wand              |       |     1 |       ||     1
    Use: Potion            |       |       |     1 ||     1
 Armour: Robe              |     3 |       |       ||     3
         Ring mail         |    11 |       |       ||    11
         Scale mail        |    25 |    66 |    46 ||   137
  Dodge: Dodged            |    42 |    34 |    38 ||   114

Table legend: (Time is in decaauts)
 A = Elapsed time spent in this place.
 B = Non-inter-level travel time spent in this place.
 C = Inter-level travel time spent in this place.
 D = Time resting spent in this place.
 E = Time spent auto-exploring this place.
 F = Levels seen in this place.
 G = Mean time per level.
                   A        B        C        D        E       F      G
               +--------+--------+--------+--------+--------+-----+--------+
         Total |   4857 |   4597 |    260 |      0 |   3868 |   7 |  693.9 |
       Dungeon |   4179 |   3919 |    260 |      0 |   3436 |   6 |  696.5 |
         Sewer |    677 |    677 |      0 |      0 |    432 |   1 |  677.0 |
               +--------+--------+--------+--------+--------+-----+--------+

Top non-repeatable levels by time:
     D:5: 913 daAuts
     D:2: 912 daAuts
     D:4: 864 daAuts
     D:1: 729 daAuts
     D:3: 717 daAuts
   Sewer: 677 daAuts
     D:6: 42 daAuts
